TOP OF THE 1ST |
Baylor Bears batting - Pitching for Seton Hall Pirates : RHP Brandon Malet
|
Pitching: RHP Brandon Malet
|
|
Batting: RHB John Krueger
|
0-0: Called Strike 0-1: Ground out 6-3 (Groundball, 6)
|
Batting: RHB Guy Morrison
|
0-0: Called Strike 0-1: Foul Ball, location: 2F 0-2: Ball 1-2: Ground out 6-3 (Groundball, 6)
|
Batting: LHB David Taylor
|
0-0: Ball 1-0: Swinging Strike 1-1: Foul Ball, location: 2F 1-2: Ball 2-2: Strikes out swinging
|
Top of the 1st over - 0 run(s), 0 hit(s), 0 error(s), 0 left on base; Baylor 0 - Seton Hall 0 |
BOTTOM OF THE 1ST |
Seton Hall Pirates batting - Pitching for Baylor Bears : RHP Jeff Jones
|
Pitching: RHP Jeff Jones
|
|
Batting: SHB Eduardo Sánchez
|
0-0: Called Strike 0-1: Fly out, F5 (Popup, 7LSF)
|
Batting: RHB Juan Hinojosa
|
0-0: Ball 1-0: Called Strike 1-1: Ball 2-1: Foul Ball, location: 2F 2-2: Foul Ball, location: 2F 2-2: Foul Ball, location: 2F 2-2: Ball 3-2: Foul Ball, location: 2F 3-2: Base on Balls
|
Batting: RHB Carlos Guevara
|
0-0: Ball 1-0: Called Strike 1-1: Ball 2-1: Foul Ball, location: 2F 2-2: Ball 3-2: Foul Ball, location: 2F 3-2: SINGLE (Line Drive, 56D) Juan Hinojosa to second
|
Batting: LHB Kyle Petersen
|
0-0: Ball 1-0: Ball 2-0: Ball 3-0: Called Strike 3-1: Fly out, F7 (Flyball, 7M)
|
Batting: SHB Michael Miller
|
0-0: Ball 1-0: Ball 2-0: Ball 3-0: Swinging Strike 3-1: Base on Balls Juan Hinojosa to third Carlos Guevara to second
|
Batting: RHB Herb Newman
|
0-0: Ball 1-0: Ball 2-0: Called Strike 2-1: Foul Ball, location: 2F 2-2: Fly out, F8 (Line Drive, 8RM)
|
Bottom of the 1st over - 0 run(s), 1 hit(s), 0 error(s), 3 left on base; Baylor 0 - Seton Hall 0 |
TOP OF THE 2ND |
Baylor Bears batting - Pitching for Seton Hall Pirates : RHP Brandon Malet
|
Batting: LHB John White
|
0-0: Called Strike 0-1: Swinging Strike 0-2: Foul Ball, location: 2F 0-2: SINGLE (Flyball, 9S)
|
Batting: RHB Doyle Hall
|
0-0: Called Strike 0-1: Ball 1-1: Ball 2-1: SINGLE (Line Drive, 7S) John White to second
|
Batting: LHB Jorge Gabaldón
|
0-0: Fly out, F9 (Flyball, 9LM)
|
Batting: RHB José Romo
|
0-0: Ball 1-0: Ball 2-0: Ball 3-0: Base on Balls John White to third Doyle Hall to second
|
Batting: RHB Hugh Rankin
|
0-0: Fly out, F8 (Flyball, 8RM) Runner from 3rd tags up, OUT at HOME
|
Top of the 2nd over - 0 run(s), 2 hit(s), 0 error(s), 2 left on base; Baylor 0 - Seton Hall 0 |
BOTTOM OF THE 2ND |
Seton Hall Pirates batting - Pitching for Baylor Bears : RHP Jeff Jones
|
Batting: SHB Raúl Franco
|
0-0: Ball 1-0: Ball 2-0: Swinging Strike 2-1: Foul Ball, location: 2F 2-2: Strikes out swinging
|
Batting: RHB Jerry Ward
|
0-0: Ball 1-0: Swinging Strike 1-1: Swinging Strike 1-2: SINGLE (Groundball, 5)
|
Batting: RHB Michael White
|
0-0: Ball 1-0: Called Strike 1-1: Grounds into double play, 6-4-3 (Groundball, 6)
|
Bottom of the 2nd over - 0 run(s), 1 hit(s), 0 error(s), 0 left on base; Baylor 0 - Seton Hall 0 |
TOP OF THE 3RD |
Baylor Bears batting - Pitching for Seton Hall Pirates : RHP Brandon Malet
|
Batting: RHB Lakota O'Reilly
|
0-0: Foul Ball, location: 2F 0-1: Swinging Strike 0-2: Foul Ball, location: 2F 0-2: Ball 1-2: Strikes out swinging
|
Batting: RHB John Krueger
|
0-0: Called Strike 0-1: Ball 1-1: Ball 2-1: Called Strike 2-2: DOUBLE (Groundball, 5L)
|
Batting: RHB Guy Morrison
|
0-0: Ball 1-0: Ball 2-0: Ground out 5-3 (Groundball, 5S) John Krueger to third
|
Batting: LHB David Taylor
|
0-0: Swinging Strike 0-1: Ball Single, Error in OF, E8, batter to second base John Krueger scores
|
Batting: LHB John White
|
0-0: Called Strike 0-1: Swinging Strike 0-2: Hit by Pitch
|
Batting: RHB Doyle Hall
|
0-0: Called Strike 0-1: Called Strike 0-2: Ball 1-2: Foul Ball, location: 2F 1-2: Strikes out swinging
|
Top of the 3rd over - 1 run(s), 2 hit(s), 1 error(s), 2 left on base; Baylor 1 - Seton Hall 0 |
BOTTOM OF THE 3RD |
Seton Hall Pirates batting - Pitching for Baylor Bears : RHP Jeff Jones
|
Batting: SHB Eduardo Sánchez
|
0-0: Foul Ball, location: 2F 0-1: Ball 1-1: Ball 2-1: SINGLE (Line Drive, 7S)
|
Batting: RHB Juan Hinojosa
|
0-0: Ball 1-0: Foul Ball, location: 2F 1-1: Grounds into double play, 1-6-3 (Groundball, 15)
|
Batting: RHB Carlos Guevara
|
0-0: Called Strike 0-1: Called Strike 0-2: Ball 1-2: Ball 2-2: Ball 3-2: Strikes out swinging
|
Bottom of the 3rd over - 0 run(s), 1 hit(s), 0 error(s), 0 left on base; Baylor 1 - Seton Hall 0 |
TOP OF THE 4TH |
Baylor Bears batting - Pitching for Seton Hall Pirates : RHP Brandon Malet
|
Batting: LHB Jorge Gabaldón
|
0-0: Called Strike 0-1: Ball 1-1: SINGLE (Groundball, 56D)
|
Batting: RHB José Romo
|
0-0: Swinging Strike 0-1: Called Strike 0-2: Grounds into double play, 6-4-3 (Groundball, 6)
|
Batting: RHB Hugh Rankin
|
0-0: Called Strike 0-1: Ball 1-1: Ball 2-1: Ground out 6-3 (Groundball, 6M)
|
Top of the 4th over - 0 run(s), 1 hit(s), 0 error(s), 0 left on base; Baylor 1 - Seton Hall 0 |
BOTTOM OF THE 4TH |
Seton Hall Pirates batting - Pitching for Baylor Bears : RHP Jeff Jones
|
Batting: LHB Kyle Petersen
|
0-0: Swinging Strike 0-1: Swinging Strike 0-2: Ball 1-2: Ball 2-2: Foul Ball, location: 2F 2-2: Strikes out swinging
|
Batting: SHB Michael Miller
|
0-0: Ball 1-0: Ball 2-0: Ball 3-0: Called Strike 3-1: Base on Balls
|
Batting: RHB Herb Newman
|
0-0: Ball 1-0: Fly out, F1 (Popup, 15S)
|
Batting: SHB Raúl Franco
|
0-0: Called Strike 0-1: Ball 1-1: Ground out U3 (Groundball, 3)
|
Bottom of the 4th over - 0 run(s), 0 hit(s), 0 error(s), 1 left on base; Baylor 1 - Seton Hall 0 |
TOP OF THE 5TH |
Baylor Bears batting - Pitching for Seton Hall Pirates : RHP Brandon Malet
|
Batting: RHB Lakota O'Reilly
|
0-0: Ground out 5-3 (Groundball, 56)
|
Batting: RHB John Krueger
|
0-0: Ground out 2-3 (Groundball, 23)
|
Batting: RHB Guy Morrison
|
0-0: Ball 1-0: Foul Ball, location: 2F 1-1: SINGLE (Groundball, 56D)
|
Batting: LHB David Taylor
|
0-0: Fielders Choice at 2nd, U6 (Groundball, 6M)
|
Top of the 5th over - 0 run(s), 1 hit(s), 0 error(s), 1 left on base; Baylor 1 - Seton Hall 0 |
BOTTOM OF THE 5TH |
Seton Hall Pirates batting - Pitching for Baylor Bears : RHP Jeff Jones
|
Batting: RHB Jerry Ward
|
0-0: Ball 1-0: Called Strike 1-1: Ball 2-1: Swinging Strike 2-2: Strikes out looking
|
Batting: RHB Michael White
|
0-0: SINGLE (Groundball, 56)
|
Pitching: RHP Dave Thompson
|
|
Batting: SHB Eduardo Sánchez
|
0-0: Called Strike Michael White is caught stealing 2nd base 0-1: Foul Ball, location: 2F 0-2: Ball 1-2: Ball 2-2: Fly out, F8 (Flyball, 8LM)
|
Bottom of the 5th over - 0 run(s), 1 hit(s), 0 error(s), 0 left on base; Baylor 1 - Seton Hall 0 |
TOP OF THE 6TH |
Baylor Bears batting - Pitching for Seton Hall Pirates : RHP Brandon Malet
|
Batting: LHB John White
|
0-0: Called Strike 0-1: Ground out 4-3 (Groundball, 4M)
|
Batting: RHB Doyle Hall
|
0-0: Ball 1-0: Foul Ball, location: 2F 1-1: Swinging Strike 1-2: Ball 2-2: Ball 3-2: Reached on error, E6 (Groundball, 6)
|
Pitching: RHP Britt Hall
|
|
Batting: LHB Jorge Gabaldón
|
0-0: Called Strike 0-1: Ball 1-1: Swinging Strike 1-2: Ball 2-2: Foul Ball, location: 2F 2-2: Ball 3-2: Strikes out looking
|
Batting: RHB José Romo
|
0-0: Foul Ball, location: 2F 0-1: Ball 1-1: Fly out, F8 (Flyball, 8RM)
|
Top of the 6th over - 0 run(s), 0 hit(s), 1 error(s), 1 left on base; Baylor 1 - Seton Hall 0 |
BOTTOM OF THE 6TH |
Seton Hall Pirates batting - Pitching for Baylor Bears : RHP Dave Thompson
|
Batting: RHB Juan Hinojosa
|
0-0: SOLO HOME RUN (Flyball, 7D), Distance : 353 ft
|
Batting: RHB Carlos Guevara
|
0-0: Ball 1-0: SINGLE (Line Drive, 6M)
|
Batting: LHB Kyle Petersen
|
0-0: Ball 1-0: Ball 2-0: Grounds into double play, 4-6-3 (Groundball, 4)
|
Batting: SHB Michael Miller
|
0-0: Called Strike 0-1: Ball 1-1: Called Strike 1-2: Ball 2-2: Strikes out swinging
|
Bottom of the 6th over - 1 run(s), 2 hit(s), 0 error(s), 0 left on base; Baylor 1 - Seton Hall 1 |
TOP OF THE 7TH |
Baylor Bears batting - Pitching for Seton Hall Pirates : RHP Britt Hall
|
Pinch Hitting: RHB Patrick Love
|
0-0: Ball 1-0: SINGLE (Groundball, 4MD)
|
Batting: RHB Lakota O'Reilly
|
0-0: Sac Bunt - play at first, batter OUT! 5-4 Patrick Love to second
|
Batting: RHB John Krueger
|
0-0: Ball 1-0: Ball 2-0: Called Strike 2-1: Called Strike 2-2: DOUBLE (Line Drive, 6M) Patrick Love scores
|
Batting: RHB Guy Morrison
|
0-0: Foul Ball, location: 2F 0-1: Foul Ball, location: 2F 0-2: Strikes out swinging
|
Batting: LHB David Taylor
|
0-0: Called Strike 0-1: Foul Ball, location: 2F 0-2: Ball 1-2: Strikes out swinging
|
Top of the 7th over - 1 run(s), 2 hit(s), 0 error(s), 1 left on base; Baylor 2 - Seton Hall 1 |
BOTTOM OF THE 7TH |
Seton Hall Pirates batting - Pitching for Baylor Bears : RHP Dave Thompson
|
Now in CF: Bill Ward
|
|
Batting: RHB Herb Newman
|
0-0: SINGLE (Line Drive, 56D)
|
Batting: SHB Raúl Franco
|
0-0: Ball 1-0: Bunted foul 1-1: Sac Bunt - play at first, batter OUT! 5-4 Herb Newman to second
|
Pitching: RHP Ramón Castaneda
|
|
Batting: RHB Jerry Ward
|
0-0: Reached on Error, E9 (Flyball, 9M) Herb Newman to third
|
Pinch Hitting: RHB Evan Morris
|
0-0: SINGLE (Line Drive, 5D) Herb Newman scores Jerry Ward to second
|
Batting: SHB Eduardo Sánchez
|
0-0: Ball 1-0: Ball 2-0: Grounds into double play, 4-6-3 (Groundball, 4)
|
Bottom of the 7th over - 1 run(s), 2 hit(s), 1 error(s), 1 left on base; Baylor 2 - Seton Hall 2 |
TOP OF THE 8TH |
Baylor Bears batting - Pitching for Seton Hall Pirates : RHP Britt Hall
|
Now in CF: Júlio Romano
|
|
Batting: LHB John White
|
0-0: Foul Ball, location: 2F 0-1: Ball 1-1: Ground out 4-3 (Groundball, 4)
|
Pitching: RHP Marvin Corbett
|
|
Batting: RHB Doyle Hall
|
0-0: Fly out, F7 (Flyball, 7LM)
|
Batting: LHB Jorge Gabaldón
|
0-0: Ball 1-0: Called Strike 1-1: Ball 2-1: Ball 3-1: Swinging Strike 3-2: Foul Ball, location: 2F 3-2: Base on Balls
|
Batting: RHB José Romo
|
0-0: Foul Ball, location: 2F 0-1: Called Strike 0-2: Ball 1-2: Strikes out looking
|
Top of the 8th over - 0 run(s), 0 hit(s), 0 error(s), 1 left on base; Baylor 2 - Seton Hall 2 |
BOTTOM OF THE 8TH |
Seton Hall Pirates batting - Pitching for Baylor Bears : RHP Ramón Castaneda
|
Batting: RHB Juan Hinojosa
|
0-0: Called Strike 0-1: Called Strike 0-2: Ball 1-2: Ball 2-2: Fly out, F9 (Flyball, 9M)
|
Batting: RHB Carlos Guevara
|
0-0: Ball 1-0: Fly out, F9 (Flyball, 9M)
|
Batting: LHB Kyle Petersen
|
0-0: Ball 1-0: Foul Ball, location: 2F 1-1: Foul Ball, location: 2F 1-2: DOUBLE (Line Drive, 78M)
|
Batting: SHB Michael Miller
|
0-0: Ball 1-0: Ball 2-0: Fly out, F3 (Popup, 4)
|
Bottom of the 8th over - 0 run(s), 1 hit(s), 0 error(s), 1 left on base; Baylor 2 - Seton Hall 2 |
TOP OF THE 9TH |
Baylor Bears batting - Pitching for Seton Hall Pirates : RHP Marvin Corbett
|
Pitching: RHP Steve Taylor
|
|
Batting: RHB Bill Ward
|
0-0: Ground out 5-3 (Groundball, 5)
|
Batting: RHB Lakota O'Reilly
|
0-0: Fly out, F8 (Flyball, 8RM)
|
Batting: RHB John Krueger
|
0-0: Foul Ball, location: 2F 0-1: Swinging Strike 0-2: Ball 1-2: Ball 2-2: Strikes out swinging
|
Top of the 9th over - 0 run(s), 0 hit(s), 0 error(s), 0 left on base; Baylor 2 - Seton Hall 2 |
BOTTOM OF THE 9TH |
Seton Hall Pirates batting - Pitching for Baylor Bears : RHP Ramón Castaneda
|
Batting: RHB Herb Newman
|
0-0: Ball 1-0: Foul Ball, location: 2F 1-1: Called Strike 1-2: Ball 2-2: Strikes out looking
|
Batting: SHB Raúl Franco
|
0-0: Foul Ball, location: 2F 0-1: Called Strike 0-2: Ball 1-2: Ball 2-2: Ball 3-2: Base on Balls
|
Batting: RHB Jerry Ward
|
0-0: SINGLE (Groundball, 4M) Raúl Franco to second
|
Batting: SHB Júlio Romano
|
0-0: Foul Ball, location: 2F 0-1: Swinging Strike 0-2: Ball 1-2: Strikes out looking
|
Batting: SHB Eduardo Sánchez
|
0-0: Ball 1-0: Swinging Strike 1-1: Ball 2-1: Foul Ball, location: 2F 2-2: SINGLE (Groundball, 2R) (infield hit) Raúl Franco to third Jerry Ward to second
|
Batting: RHB Juan Hinojosa
|
0-0: Foul Ball, location: 2F 0-1: Ball 1-1: Foul Ball, location: 2F 1-2: Ball 2-2: Fielders Choice at 2nd, U4 (Groundball, 4M)
|
Bottom of the 9th over - 0 run(s), 2 hit(s), 0 error(s), 3 left on base; Baylor 2 - Seton Hall 2 |
TOP OF THE 10TH |
Baylor Bears batting - Pitching for Seton Hall Pirates : RHP Steve Taylor
|
Batting: RHB Guy Morrison
|
0-0: Ball 1-0: Foul Ball, location: 2F 1-1: SINGLE (Groundball, 56D)
|
Pinch Runner at 1st Jesús Medrano:
|
|
Batting: LHB David Taylor
|
0-0: Called Strike 0-1: Ball 1-1: Foul Ball, location: 2F 1-2: Foul Ball, location: 2F 1-2: SINGLE (Groundball, 34S) Jesús Medrano to second Runner from 2nd tries for 3rd, SAFE, no throw or cutoff
|
Batting: LHB John White
|
0-0: Ball 1-0: Ball 2-0: Called Strike 2-1: Fly out, F4 (Popup, 4)
|
Batting: RHB Doyle Hall
|
0-0: Ball 1-0: Ball 2-0: Swinging Strike 2-1: Called Strike 2-2: SINGLE (Line Drive, 8LS) Jesús Medrano scores David Taylor to second
|
Batting: LHB Jorge Gabaldón
|
0-0: Called Strike 0-1: SINGLE (Line Drive, 34) David Taylor to third Doyle Hall to second Runner from 3rd tries for Home, SAFE, no throw or cutoff
|
Pinch Hitting: LHB Brian Richardson
|
0-0: Called Strike 0-1: Called Strike 0-2: Strikes out swinging
|
Batting: RHB Bill Ward
|
0-0: Called Strike 0-1: Ball 1-1: Called Strike 1-2: Foul Ball, location: 2F 1-2: Foul Ball, location: 2F 1-2: Ball 2-2: Foul Ball, location: 2F 2-2: Foul Ball, location: 2F 2-2: Strikes out swinging
|
Top of the 10th over - 2 run(s), 4 hit(s), 0 error(s), 2 left on base; Baylor 4 - Seton Hall 2 |
BOTTOM OF THE 10TH |
Seton Hall Pirates batting - Pitching for Baylor Bears : RHP Ramón Castaneda
|
Pitching: RHP Steve Parsons
|
|
Now in LF: Neil Weeks
|
|
Batting: RHB Carlos Guevara
|
0-0: Fly out, F7 (Flyball, 78M)
|
Batting: LHB Kyle Petersen
|
0-0: Ball 1-0: Foul Ball, location: 2F 1-1: Foul Ball, location: 2F 1-2: Strikes out swinging
|
Batting: SHB Michael Miller
|
0-0: Called Strike 0-1: Ball 1-1: Called Strike 1-2: SINGLE (Groundball, 34D)
|
Batting: RHB Herb Newman
|
0-0: Ball 1-0: Called Strike 1-1: Ball 2-1: Called Strike 2-2: 2-RUN HOME RUN (Flyball, 7D), Distance : 353 ft
|
Batting: SHB Raúl Franco
|
0-0: Foul Ball, location: 2F 0-1: Ball 1-1: Ball 2-1: Swinging Strike 2-2: Foul Ball, location: 2F 2-2: Foul Ball, location: 2F 2-2: Foul Ball, location: 2F 2-2: Ground out 4-3 (Groundball, 4S)
|
Bottom of the 10th over - 2 run(s), 2 hit(s), 0 error(s), 0 left on base; Baylor 4 - Seton Hall 4 |
TOP OF THE 11TH |
Baylor Bears batting - Pitching for Seton Hall Pirates : RHP Steve Taylor
|
Pitching: RHP Johnny Monroe
|
|
Batting: RHB Lakota O'Reilly
|
0-0: Ball 1-0: Ball 2-0: Ball 3-0: Base on Balls
|
Batting: RHB John Krueger
|
0-0: Ball 1-0: Ball 2-0: Swinging Strike 2-1: Foul Ball, location: 2F 2-2: SINGLE (Groundball, 56D) Lakota O'Reilly to second
|
Batting: RHB Jesús Medrano
|
0-0: Called Strike 0-1: Ball 1-1: Swinging Strike 1-2: Strikes out swinging
|
Batting: LHB David Taylor
|
0-0: Fly out, F2 (Popup, 2RF)
|
Batting: LHB John White
|
0-0: Ball 1-0: Foul Ball, location: 2F 1-1: Ball 2-1: Swinging Strike 2-2: SINGLE (Line Drive, 56D) Lakota O'Reilly to third John Krueger to second Runner from 3rd tries for Home, SAFE, no throw or cutoff
|
Batting: RHB Doyle Hall
|
0-0: Foul Ball, location: 2F 0-1: Fly out, F6 (Popup, 6)
|
Top of the 11th over - 1 run(s), 2 hit(s), 0 error(s), 2 left on base; Baylor 5 - Seton Hall 4 |
BOTTOM OF THE 11TH |
Seton Hall Pirates batting - Pitching for Baylor Bears : RHP Steve Parsons
|
Batting: RHB Jerry Ward
|
0-0: Ball 1-0: Fly out, F9 (Line Drive, 9M)
|
Batting: SHB Júlio Romano
|
0-0: Called Strike 0-1: Foul Ball, location: 2F 0-2: Strikes out looking
|
Batting: SHB Eduardo Sánchez
|
0-0: Ball 1-0: Foul Ball, location: 2F 1-1: Ball 2-1: Ball 3-1: Swinging Strike 3-2: Strikes out swinging
|
Bottom of the 11th over - 0 run(s), 0 hit(s), 0 error(s), 0 left on base; Baylor 5 - Seton Hall 4 |
|